 Dungeon Crawl Stone Soup version 0.27.1-3-gb3d3a73c9e (webtiles) character file.

Game seed: 10849054463344430700

0 fuhrerpride the Insei (level 1, -1/15 HPs)
             Began as a Demigod Transmuter on Oct 24, 2021.
             Slain by a worm (7 damage)
             ... on level 2 of the Dungeon.
             The game lasted 00:04:14 (108 turns).

fuhrerpride the Insei (Demigod Transmuter)           Turns: 108, Time: 00:04:22

Health: -1/15      AC:  2    Str: 11    XL:     1   Next: 6%
Magic:  2/5        EV: 12    Int: 15    God:
Gold:   0          SH:  0    Dex: 14    Spells: 2/3 levels left

rFire    . . .     SeeInvis .     - Unarmed
rCold    . . .     Faith    .   (no shield)
rNeg     . . .     Spirit   .   a - +0 robe
rPois    .         Reflect  .   (helmet currently unavailable)
rElec    .         Harm     .   (no cloak)
rCorr    .         Rampage  .   (no gloves)
Will     .....                  (boots currently unavailable)
Stlth    +.........             (no amulet)
HPRegen  0.05/turn              (no ring)
MPRegen  0.09/turn              (no ring)

@: appendages
A: horns 2, talons 2, high mp 1, forlorn
a: End Transformation


You were on level 2 of the Dungeon.
You had temporarily grown beastly horns and talons.
You visited 1 branch of the dungeon, and saw 2 of its levels.

Inventory:

Armour
 a - a +0 robe (worn)
Scrolls
 b - a scroll of torment {unknown}
Potions
 c - a potion of ambrosia {unknown}


   Skills:
 + Level 0.8 Fighting
 + Level 1.7 Dodging
 + Level 2.7 Unarmed Combat
 + Level 1.7 Spellcasting
 + Level 1.7 Transmutations


You had 2 spell levels left.
You knew the following spells:

 Your Spells              Type           Power      Damage    Failure   Level
a - Beastly Appendage     Tmut           12%        N/A       11%         1

Your spell library contained the following spells:

 Spells                   Type           Power      Damage    Failure   Level
 Wereblood                Tmut           6%         N/A       17%         2
 Spider Form              Tmut/Pois      1%         N/A       43%         3
 Ice Form                 Ice/Tmut       3%         N/A       85%         4


Dungeon Overview and Level Annotations

Branches:
Dungeon (2/15)


Innate Abilities, Weirdness & Mutations

You have temporarily grown beastly horns and talons.
Your attributes grow dramatically as you level up.
You have an increased reservoir of magic. (+10% MP)
You shall have no god before yourself.


Message History

The floor.
Press: ? - help, v - describe, . - travel The floor.
Unknown command.
Unknown command.
Unknown command.
There is an open door here.
There is an escape hatch in the floor here.
Describe a (M)onster, (S)pell, s(K)ill, (A)bility, (C)ard, (I)tem, (F)eature, (G)od, (B)ranch, c(L)oud or s(T)atus?
Okay, then.
There are no items here.
There are no items here.
You can't go up here!
You slide downwards.
The hatch slams shut behind you.
Found 9 gold pieces.
The ball python hisses angrily.
A worm comes into view.
You see here 9 gold pieces.
The ball python bites you but does no damage.
The ball python closely misses you.
Attack: -) Nothing wielded
Press: ? - help, Dir - move target, f - ball python
Aim: a ball python (about 45% to evade your hands)
You hit the ball python.
You kill the ball python!
The worm bites you but does no damage.
Casting: Beastly Appendage (safe; 11% risk of failure)
Press: ? - help, Q - select action Dir - look around, f - activate You grow a pair of large bovine horns.
Your feet morph into talons.
The worm bites you!
Ouch! That really hurt!
Casting: Beastly Appendage (safe; 11% risk of failure)
Press: ? - help, Q - select action Dir - look around, f - activate You extend your transformation's duration.
Casting: Beastly Appendage (safe; 11% risk of failure)
Press: ? - help, Q - select action Dir - look around, f - activate Look: a worm You extend your transformation's duration.
The worm bites you!
You die...

# #. .#
###.##.#### #.#
....#.....###..#
...........#..#
.............#
.............#
............#
......w@....#####
.....^..........#
.......$........#
....#...........#
#.#####.........#
. ........##.####
........# .#
........## #
........#


You could see a worm.

Vanquished Creatures
  A ball python (D:2)
1 creature vanquished.

Notes
Turn   | Place    | Note
-------+----------+-------------------------------------------
     0 | D:1      | fuhrerpride the Demigod Transmuter began the quest for the
                  | Orb.
     0 | D:1      | Reached XP level 1. HP: 15/15 MP: 5/5
   108 | D:2      | Slain by a worm

Illustrated notes

Levels and vault maps discovered:
D:1:      minmay_arrival_four_houses, layout_loops_cross, serial_shops, shop,
          dreamdust_ecumenical_altar_statues, chequers_serial_rivers_marsh
D:2:      layout_rooms, serial_park_tiny_pond

Action                   || total
-------------------------++-------
Melee: Unarmed           ||     1
 Cast: Beastly Appendage ||     3
Armor: Robe              ||     2
Dodge: Dodged            ||     1
